Map: Ruins of Seras

Players

HenryWI - Winner!

  • Race: Terran Terran
  • League: Platinum

Nero

  • Race: Protoss Protoss

VOD

Have the link to the VOD?

Description

Time

  • Played on: Jan. 27, 2016, 12:28 p.m.
  • Length: 15:16
Show
View Real Time Build Order
Export as new Build Order

HenryWI Terran - Winner!

Build Orders: Reaper Expand, MMM Bio 

Get SALT Encoding   

  12  0:01  SCV  
  13  0:13  SCV  
  14  0:18  Supply Depot  
  14  0:25  SCV  
  15  0:39  SCV  
  15  0:41  Barracks  
  16  0:46  Refinery  
  16  0:52  SCV  
  17  1:04  SCV  
  18  1:16  SCV  
  19  1:29  Orbital Command  
  19  1:32  Reaper  
  20  1:49  Command Center  
  20  1:56  SCV  
  21  2:01  Supply Depot  
  21  2:10  SCV  
  22  2:19  Factory  
  22  2:22  SCV  
  23  2:26  Marine  
  23  2:27  Bunker  
  24  2:46  SCV  
  25  2:54  Barracks Reactor  
  24  2:58  SCV  
  24  3:03  Factory Tech Lab  
  24  3:04  Orbital Command  
  25  3:11  SCV  
  26  3:17  Command Center  
  26  3:24  SCV  
  27  3:32  Cyclone  
  27  3:33  Orbital Command  
  30  3:37  SCV  
  31  3:48  Marine x2  
  33  3:49  SCV  
  34  4:00  SCV  
  34  4:01  SCV  
  36  4:05  Marine  
  36  4:06  Marine  
  38  4:10  Barracks  
  38  4:12  Barracks, SCV  
  38  4:13  SCV  
  40  4:23  Factory Tech Lab  
  40  4:24  SCV  
  41  4:25  Refinery, SCV  
  41  4:29  Refinery  
  42  4:33  Orbital Command  
  42  4:36  Marine, SCV  
  42  4:37  Marine  
  42  4:38  SCV  
  46  4:47  Engineering Bay  
  46  4:48  SCV  
  46  4:50  Engineering Bay, SCV  
  48  4:55  Marine x2  
  50  5:00  SCV  
  50  5:05  Starport  
  50  5:06  SCV  
  52  5:08  Stimpack  
  52  5:12  SCV  
  53  5:17  Marine x2  
  53  5:18  SCV, Widow Mine  
  58  5:24  SCV x2  
  60  5:30  SCV, Missile Turret  
  60  5:34  Missile Turret  
  61  5:42  SCV  
  61  5:43  SCV  
  61  5:45  SCV  
  57  5:55  SCV x2  
  55  5:57  Viking, SCV  
  55  6:00  Marine  
  55  6:01  Marauder, Combat Shields  
  61  6:11  Terran Infantry Weapons Level 1, Terran Infantry Armor Level 1  
  61  6:17  Supply Depot  
  61  6:23  Marauder, SCV x2  
  61  6:24  Marauder  
  61  6:25  Factory Reactor  
  67  6:27  Starport Reactor  
  67  6:35  SCV x2  
  67  6:38  Barracks  
  69  6:40  Barracks  
  69  6:45  Marine x2  
  69  6:46  Refinery  
  71  6:47  SCV x2  
  73  6:59  SCV x2  
  73  7:01  Supply Depot  
  75  7:02  Supply Depot  
  75  7:03  Widow Mine x2  
  75  7:05  Liberator  
  75  7:06  Bunker  
  79  7:08  Supply Depot  
  79  7:09  Concussive Shells  
  79  7:11  SCV x2  
  79  7:13  SCV, Armory  
  82  7:17  Marine x2  
  87  7:23  SCV x2  
  87  7:25  SCV  
  87  7:26  Barracks Reactor  
  87  7:28  Barracks Reactor  
  90  7:34  Barracks  
  90  7:35  SCV  
  90  7:36  Barracks  
  91  7:46  Orbital Command  
  91  7:48  Liberator  
  91  7:56  Marine x3  
  91  7:57  Medivac, Marauder  
  98  8:00  Widow Mine x2  
  98  8:01  SCV  
  98  8:03  SCV  
  107  8:14  Marauder  
  109  8:24  Terran Vehicle Weapons Level 1  
  109  8:26  SCV x2  
  111  8:28  Widow Mine x2  
  111  8:29  Supply Depot  
  111  8:30  Medivac  
  111  8:32  Supply Depot  
  117  8:35  Refinery  
  117  8:36  Refinery  
  117  8:38  SCV x2  
  119  8:48  Medivac  
  121  8:49  Marine  
  121  8:50  Marine, SCV x2  
  121  8:51  Barracks Reactor  
  121  8:55  Supply Depot  
  125  8:57  Widow Mine x2  
  125  8:58  Supply Depot  
  125  9:02  SCV  
  130  9:06  Medivac  
  130  9:08  Marine x2  
  130  9:09  Marine x2, Marauder x2  
  140  9:11  Terran Infantry Weapons Level 2  
  140  9:12  Terran Infantry Armor Level 2  
  140  9:14  SCV  
  141  9:27  SCV  
  141  9:28  Marine x2  
  141  9:29  Marine  
  141  9:30  Medivac, Marauder x2  
  151  9:32  Marine  
  151  9:33  Marine x2  
  154  9:39  SCV  
  154  9:41  Missile Turret  
  155  9:51  Marauder  
  157  9:54  Missile Turret  
  157  9:57  Marine x2  
  157  9:58  Supply Depot, Marauder  
  157  9:59  Supply Depot  
  161  10:00  Supply Depot  
  161  10:01  Supply Depot  
  161  10:02  Liberator  
  161  10:03  Supply Depot, Marine x2  
  161  10:04  Marine, Widow Mine x2  
  168  10:13  Marauder  
  170  10:16  Marine x3  
  170  10:19  Marauder  
  178  10:34  Marauder  
  179  10:38  Marine  
  179  10:39  Marine  
  179  10:41  Marauder  
  176  10:50  Marine x3  
  176  10:51  Marine x2, Widow Mine x2  
  176  10:52  Viking  
  176  10:56  Marauder, SCV  
  188  10:59  Starport  
  188  11:02  Viking, Marauder  
  192  11:08  SCV  
  192  11:09  Marine x3  
  185  11:11  Command Center  
  185  11:17  Marine x2, Marauder  
  185  11:18  Marine x4  
  185  11:20  Widow Mine x2  
  185  11:22  Viking  
  185  11:24  Marauder  
  193  11:26  Marine x2  
  193  11:27  Marine  
  193  11:32  Viking  
  176  11:35  Marine  
  176  11:38  Marauder  
  176  11:39  Marine x5  
  184  11:41  Starport Reactor  
  184  11:42  Terran Infantry Weapons Level 3  
  184  11:43  Supply Depot, Terran Infantry Armor Level 3  
  184  11:45  Marauder  
  186  11:48  Widow Mine x2  
  182  12:00  Marauder  
  184  12:06  Marauder  
  186  12:14  Marine x6  
  192  12:29  Marine x5  
  197  12:33  Planetary Fortress  
  197  12:37  Medivac  
  197  12:38  Missile Turret  
  197  12:43  Supply Depot  
  199  12:59  Marine  
  151  13:24  Marine x5  
  151  13:26  Marine x6  
  144  13:27  Medivac x2  
  144  13:28  Viking x2, Widow Mine x2  
  154  13:36  Missile Turret  
  154  13:37  SCV  
  155  13:41  Marine, SCV  
  155  13:42  Marine x2  
  155  13:45  Refinery, SCV  
  155  13:46  Marine x2  
  155  13:47  Marine x4, Refinery  
  170  13:48  Marauder x2  
  170  13:49  SCV  
  170  13:53  SCV  
  168  13:56  Widow Mine x2  
  168  13:57  Medivac, SCV  
  169  14:05  SCV  
  164  14:15  Marine x3  
  164  14:16  Marine x5  
  169  14:17  Viking x2  
  173  14:27  Medivac  
  175  14:37  Marine x3  
  175  14:38  Marine x2  
  180  14:39  Marauder x2  
  184  14:50  Marine x4  
  188  14:55  Marine  
  189  15:03  Command Center  
Show
View Real Time Build Order
Export as new Build Order

Nero Protoss 

Build Orders: Nexus First 

Get SALT Encoding   

  12  0:01  Probe (Chrono Boost)  
  13  0:19  Pylon, Probe (Chrono Boost)  
  14  0:29  Probe (Chrono Boost)  
  15  0:40  Probe (Chrono Boost)  
  16  0:50  Probe (Chrono Boost)  
  17  1:02  Nexus  
  17  1:14  Gateway  
  17  1:17  Probe (Chrono Boost)  
  18  1:21  Assimilator  
  18  1:29  Probe (Chrono Boost)  
  19  1:39  Probe (Chrono Boost)  
  20  1:45  Pylon  
  20  1:50  Probe (Chrono Boost)  
  21  2:03  Cybernetics Core  
  21  2:06  Gateway  
  21  2:12  Pylon  
  21  2:15  Probe (Chrono Boost)  
  22  2:18  Probe (Chrono Boost)  
  23  2:25  Probe (Chrono Boost)  
  24  2:31  Assimilator  
  23  2:49  Mothership Core (Chrono Boost)  
  25  3:05  Probe (Chrono Boost)  
  25  3:07  Probe (Chrono Boost)  
  25  3:08  Adept x2  
  25  3:11  Warp Gate  
  30  3:16  Probe (Chrono Boost)  
  31  3:22  Probe (Chrono Boost)  
  32  3:31  Probe (Chrono Boost)  
  32  3:32  Probe (Chrono Boost)  
  34  3:35  Adept  
  34  3:40  Pylon  
  36  3:42  Probe (Chrono Boost)  
  36  3:46  Stargate  
  37  3:51  Probe (Chrono Boost)  
  37  3:52  Probe (Chrono Boost)  
  37  3:54  Adept  
  41  3:59  Assimilator  
  41  4:02  Probe (Chrono Boost)  
  42  4:05  Probe (Chrono Boost)  
  42  4:07  Adept  
  44  4:28  Probe x2 (Chrono Boost)  
  44  4:30  Oracle (Chrono Boost)  
  49  4:40  Pylon  
  49  4:47  Robotics Facility  
  49  4:52  Probe  
  49  4:53  Assimilator  
  49  4:54  Probe  
  55  5:03  Probe (Chrono Boost)  
  55  5:06  Probe (Chrono Boost)  
  53  5:15  Probe (Chrono Boost)  
  53  5:18  Probe (Chrono Boost)  
  53  5:19  Fleet Beacon  
  53  5:21  Gateway  
  55  5:22  Gateway  
  55  5:24  Gateway  
  55  5:26  Probe (Chrono Boost)  
  56  5:30  Forge  
  56  5:32  Probe (Chrono Boost)  
  57  5:36  Probe (Chrono Boost)  
  55  6:00  Observer, Stalker  
  55  6:01  Stalker  
  60  6:09  Tempest  
  64  6:14  Protoss Ground Weapons Level 1  
  64  6:20  Stalker x3  
  70  6:35  Nexus  
  70  6:43  Pylon  
  70  6:47  Pylon  
  70  6:50  Pylon  
  70  7:01  Observer  
  70  7:02  Tempest (Chrono Boost)  
  70  7:07  Zealot x2  
  70  7:08  Zealot x3  
  85  7:09  Probe  
  85  7:12  Probe  
  87  7:20  Assimilator  
  87  7:23  Assimilator  
  87  7:27  Pylon  
  87  7:36  Probe  
  87  7:38  Probe  
  87  7:39  Tempest (Chrono Boost)  
  93  7:48  Twilight Council  
  93  7:50  Probe  
  94  7:51  Forge  
  94  7:52  Probe x2  
  94  7:54  Pylon x2  
  96  8:03  Probe x2  
  96  8:05  Probe  
  99  8:08  Sentry x2, Protoss Ground Armor Level 1  
  99  8:09  Sentry x2  
  107  8:14  Probe  
  107  8:17  Probe  
  109  8:27  Tempest (Chrono Boost)  
  113  8:37  Probe x2  
  113  8:39  Probe  
  113  8:41  Stalker x3  
  120  8:43  Zealot x2  
  126  8:51  Probe  
  126  8:54  Protoss Ground Weapons Level 2  
  127  9:02  Observer  
  128  9:15  Zealot x2  
  132  9:23  Pylon  
  132  9:25  Pylon  
  132  9:26  Pylon  
  132  9:28  Templar Archives  
  131  9:55  Immortal  
  131  9:58  Zealot x2  
  131  9:59  Zealot x3  
  145  10:02  Charge (Chrono Boost)  
  145  10:05  Protoss Ground Armor Level 2  
  144  10:27  Probe  
  145  10:38  Probe  
  146  10:48  Probe  
  144  10:59  Stalker x3  
  144  11:00  Stalker x2  
  131  11:24  Stalker x4  
  139  11:30  Psionic Storm, Nexus  
  134  11:49  High Templar x4  
  140  12:02  Pylon  
  140  12:03  Pylon  
  140  12:05  Pylon  
  140  12:07  Pylon  
  138  12:09  Pylon  
  138  12:13  Pylon  
  138  12:34  High Templar x2  
  138  12:35  High Templar x2  
  146  12:37  Zealot  
  84  13:39  Gateway  
  84  13:40  Gateway x2  
  84  13:42  Gateway  
  84  13:43  Gateway  
  84  13:45  Gateway  
  82  13:56  Nexus  
  82  13:59  Archon x2  
  82  14:00  Archon  
  49  14:47  Pylon  
  49  14:55  Adept x3  
  49  14:56  Adept x6  
  49  14:59  Nexus  
  67  15:02  Nexus  
Tags
 
Composition
MMM Bio
League
Platinum
Matchup
PvT
Replay Pack
rep
Add a new tag
Caveats
  • Supply blocks, unpowered buildings, or Contaminate may cause inaccurate times.
  • Supply counts are checked every 10 seconds.